 Dungeon Crawl Stone Soup version 0.28.0-53-g5a82cb258f (webtiles) character file.

Game seed: 1244831498534091214

8939 Revguard the Skirmisher (level 11, -15/84 HPs)
             Began as a Human Fighter on May 25, 2022.
             Was a Believer of the Shining One.
             Demolished by a death knight
             ... wielding a +2 glaive
              (26 damage)
             ... on level 10 of the Dungeon.
             The game lasted 00:36:38 (14868 turns).

Revguard the Skirmisher (Human Fighter)            Turns: 14868, Time: 00:36:38

Health: -15/84     AC: 21    Str: 19    XL:     11   Next: 65%
Magic:  16/16      EV:  4    Int:  9    God:    the Shining One [**....]
Gold:   609        SH:  6    Dex: 16    Spells: 10/10 levels left

rFire   . . .      SeeInvis +   i - +5 whip
rCold   . . .      Faith    .   l - +0 buckler of the Lost Path {Str+2}
rNeg    + . .      Spirit   .   a - +1 crystal plate armour
rPois   .          Reflect  .   (no helmet)
rElec   .          Harm     .   j - +0 cloak
rCorr   .          Rampage  .   (no gloves)
Will    +....                   (no boots)
Stlth   ..........              (no amulet)
HPRegen 0.24/turn               x - ring of willpower
MPRegen 0.15/turn               (no ring)

@: glowing
A: see invisible, sense surroundings 1, wild magic 1
a: Renounce Religion, Divine Shield


You were on level 10 of the Dungeon.
You worshipped the Shining One.
The Shining One was pleased with you.
You visited 2 branches of the dungeon, and saw 11 of its levels.
You also visited: Ossuary and Bailey.

You collected 671 gold pieces.
You spent 48 gold pieces at shops.
You donated 14 gold pieces to Zin.

Inventory:

Hand Weapons
 i - a +5 whip (weapon)
 v - a +0 morningstar
Armour
 a - a +1 crystal plate armour (worn)
 j - a +0 cloak (worn)
 l - the +0 buckler of the Lost Path (worn) {Str+2}
   (You found it on level 2 of the Dungeon)

   Str:       It affects your strength (+2).
 t - a +3 ring mail of fire resistance
Jewellery
 x - a ring of willpower (left hand)
Wands
 g - a wand of flame (10)
 n - a wand of charming (13)
 s - a wand of polymorph (6)
 y - a wand of mindburst (6)
Scrolls
 b - a scroll of magic mapping
 e - a scroll of fog
 h - 4 scrolls of enchant weapon
 k - 2 scrolls of amnesia
 o - a scroll of holy word
 z - a scroll of silence
 B - a scroll of identify
Potions
 d - 2 potions of might
 m - 6 potions of curing
 p - 3 potions of flight
 q - 3 potions of haste
 r - a potion of attraction
 u - 3 potions of lignification
 w - a potion of brilliance
Miscellaneous
 A - a phial of floods (inert)


   Skills:
 + Level 7.3 Fighting
 + Level 7.0 Maces & Flails
 + Level 7.3 Armour
 + Level 6.3 Dodging
 + Level 7.2 Shields
 + Level 7.0 Invocations
 + Level 6.4 Evocations


You had 10 spell levels left.
You didn't know any spells.
Your spell library contained the following spells:

 Spells                   Type           Power      Damage    Failure   Level
 Ignite Poison            Fire/Tmut/Pois 0%         N/A       100%        3
 Mephitic Cloud           Conj/Pois/Air  0%         N/A       100%        3
 Fireball                 Conj/Fire      0%         3d3       100%        5
 Freezing Cloud           Conj/Ice/Air   0%         6-21      100%        5
 Iskenderun's Battlesphe  Conj           0%         2d6       100%        5
 Conjure Ball Lightning   Conj/Air       0%         3x3d6     100%        6
 Orb of Destruction       Conj           0%         9d5       100%        7


Dungeon Overview and Level Annotations

Branches:
Dungeon (10/15)            Temple (1/1) D:4         Ossuary (visited)
 Bailey (visited)
   Lair: D:8-11         Orc: D:9-12

Altars:
Ashenzari
Dithmenos
Elyvilon
Fedhas
Gozag
Hepliaklqana
Kikubaaqudgha
Makhleb
Nemelex Xobeh
Okawaru
Qazlal
Ru
Sif Muna
Trog
Uskayaw
Vehumet
Wu Jian
Xom
Yredelemnul
Zin
The Shining One

Shops:
D:1 (   D:4 !   D:7 *

Annotations:
D:10 3 runed translucent doors, CryoSword's ghost, novice DsIE


Innate Abilities, Weirdness & Mutations

You have supernaturally acute eyesight. (SInv)
You passively map a small area around you.
Your spells are a little harder to cast, but a little more powerful.


Message History

Aim: a death knight, wielding a +2 glaive and wearing a +0 chain mail (lightly wounded, haloed, 80% to hit)
You throw a throwing net. The throwing net hits the death knight.
The death knight is caught in the net!
The death knight is lightly wounded.
The death knight struggles against the net.
You hit the death knight.
The death knight is lightly wounded.
The death knight struggles against the net.
You hit the death knight.
The death knight is lightly wounded.
The death knight struggles against the net.
You hit the death knight.
The death knight is moderately wounded.
You hit the death knight.
The death knight is moderately wounded.
The death knight offers itself to Yredelemnul, and fills with unholy energy.
The death knight struggles against the net.
You hit the death knight.
The death knight is moderately wounded.
The death knight reflects your damage back at you!
You whack the death knight!
The death knight is moderately wounded.
The death knight reflects your damage back at you!
The death knight struggles against the net.
You hit the death knight but do no damage.
The death knight is moderately wounded.
The death knight struggles against the net.
The net rips apart, and the death knight comes free!
The death knight hits you from afar with a +2 glaive!
The death knight's dark mirror aura disappears.
Unknown command.
Aiming: Throw Flame
Press: ? - help, Shift-Dir - straight line, f/p - death knight
Aim: a death knight, wielding a +2 glaive and wearing a +0 chain mail (moderately wounded, haloed, 82% to hit)
The puff of flame hits the death knight but does no damage.
The death knight is moderately wounded.
The death knight hits you from afar with a +2 glaive!!
* * * LOW HITPOINT WARNING * * *
The death knight hits you from afar with a +2 glaive!!
You die...

############################
...........................#
#..#####...........######..#
#..# #.#######...# #..# #..#
#.# #####@..# #..# #..# ##.#
#.......# #..#
#..####..###.###p..# #..#
#..#...............# #..#
#..#...............# #..#
#..#..#########....# #..#
#.....#.......#....# #..#
#.....#C.#.#.Y#....# #..#
#..#..+cJ.#.cC#....# #..#


You could see a death knight.

Vanquished Creatures
  Erica (D:9)
  2 skeletal warriors (D:10)
  Pikel (D:5)
  A freezing wraith (D:10)
  2 trolls
  Prince Ribbit (D:6)
  2 hornets
  Grinder (D:6)
  A wraith (D:10)
  A wyvern (D:7)
  2 acid dragons
  A water moccasin (D:9)
  9 orc warriors
  A sky beast (D:7)
  4 ogres
  11 centaurs
  2 phantoms
  A lemure (D:5)
  2 kobold brigands
  3 bullfrogs
  2 scorpions
  A water moccasin zombie (Ossuary)
  4 wights (D:9)
  3 killer bees (D:9)
  3 howler monkeys
  2 centaur zombies
  4 hounds
  A jelly (D:4)
  2 centaur skeletons
  Ijyb (D:3)
  6 iguanas
  2 gnoll shamans
  5 orc wizards
  2 mummies (Ossuary)
  2 howler monkey zombies
  11 gnolls
  2 howler monkey skeletons
  5 adders
  A shadow imp (D:6)
  2 white imps (D:7)
  2 ufetubi
  2 adder zombies
  A dart slug (D:1)
  A worm (D:4)
  43 orcs
  7 endoplasms
  4 giant cockroaches
  6 gnoll zombies (Ossuary)
  3 goblins
  3 hobgoblins
  3 jackals (D:4)
  4 quokkas
  4 ball pythons
  A bat (D:2)
  A frilled lizard (D:1)
  3 hobgoblin zombies (Ossuary)
  14 kobolds
  5 kobold zombies (Ossuary)
  5 orc zombies (Ossuary)
  2 rats (D:2)
224 creatures vanquished.

Vanquished Creatures (collateral kills)
  The ghost of blade888 the Magician, a novice DjFE of Gozag (D:7)
1 creature vanquished.

Grand Total: 225 creatures vanquished

Notes
Turn   | Place    | Note
-------+----------+-------------------------------------------
     0 | D:1      | Revguard the Human Fighter began the quest for the Orb.
     0 | D:1      | Reached XP level 1. HP: 18/18 MP: 1/1
    97 | D:1      | Found Xilot's Antique Weapon Shoppe.
   355 | D:1      | Reached XP level 2. HP: 24/24 MP: 2/2
   517 | D:1      | Found a faded altar of an unknown god.
  1122 | D:2      | Reached XP level 3. HP: 26/29 MP: 3/3
  1377 | D:2      | Reached skill level 1 in Invocations
  1443 | D:2      | Reached XP level 4. HP: 34/35 MP: 4/4
  1594 | D:2      | Identified the +0 buckler of the Lost Path {Str+2}
  1817 | D:3      | Reached skill level 1 in Evocations
  2208 | D:3      | Found an ancient bone altar of Kikubaaqudgha.
  2496 | D:3      | Noticed Ijyb
  2508 | D:3      | Killed Ijyb
  2509 | D:3      | Reached skill level 1 in Dodging
  2813 | D:4      | Reached XP level 5. HP: 32/41 MP: 4/6
  2900 | D:4      | Found an iron altar of Okawaru.
  2911 | D:4      | Found a hide-covered altar of Uskayaw.
  3011 | D:4      | Found a sand-covered staircase.
  3015 | Ossuary  | Entered an ossuary
  3199 | Ossuary  | Reached XP level 6. HP: 42/47 MP: 7/7
  3471 | D:4      | Found Extoawoz's Distillery.
  3511 | D:4      | Bought a potion of degeneration for 12 gold pieces
  3511 | D:4      | Bought a potion of lignification for 36 gold pieces
  3618 | D:4      | Found a staircase to the Ecumenical Temple.
  3647 | Temple   | Entered the Ecumenical Temple
  3820 | Temple   | Became a worshipper of Zin the Law-Giver
  4044 | D:5      | Entered Level 5 of the Dungeon
  4074 | D:5      | Noticed an acid dragon
  4088 | D:5      | Zin protects you from harm!
  4092 | D:5      | Killed an acid dragon
  4093 | D:5      | Reached XP level 7. HP: 8/54 MP: 8/8
  4750 | D:5      | Noticed Pikel
  5314 | D:5      | Killed Pikel
  5315 | D:5      | Reached XP level 8. HP: 61/61 MP: 10/10
  5321 | D:5      | HP: 3/61 [ogre/+0 giant club (15)]
  6116 | D:5      | Found a shadowy altar of Dithmenos.
  6152 | D:5      | Reached * piety under Zin
  6349 | D:6      | Noticed Prince Ribbit
  6377 | D:6      | Killed Prince Ribbit
  6378 | D:6      | Reached skill level 5 in Fighting
  6378 | D:6      | Reached skill level 5 in Armour
  6378 | D:6      | Reached skill level 5 in Shields
  6378 | D:6      | Reached XP level 9. HP: 17/68 MP: 10/12
  7078 | Temple   | Fell from the grace of Zin
  7078 | Temple   | Became a worshipper of the Shining One
  7472 | D:6      | Noticed Grinder
  7482 | D:6      | Killed Grinder
  8256 | D:7      | Found an opulent altar of Gozag.
  8265 | D:7      | Found Gozag's Platinum Reserve.
  8385 | D:7      | Reached * piety under the Shining One
  8432 | D:7      | Reached skill level 5 in Maces & Flails
  8888 | D:7      | Found a transporter.
  8890 | D:7      | Noticed blade888's ghost (novice DjFE)
  8982 | D:7      | Found a transporter.
  9047 | D:7      | Reached skill level 5 in Invocations
  9073 | D:7      | Killed blade888's ghost
  9074 | D:7      | Reached XP level 10. HP: 74/76 MP: 12/14
  9206 | D:7      | Reached skill level 5 in Evocations
  9330 | D:8      | Paralysed by a hornet for 2 turns
  9337 | D:8      | Paralysed by a hornet for 1 turns
  9701 | D:8      | Gained mutation: You passively map a small area around you.
                  | [potion of mutation]
  9701 | D:8      | Gained mutation: You have supernaturally acute eyesight.
                  | (SInv) [potion of mutation]
  9701 | D:8      | Gained mutation: Your spells are a little harder to cast,
                  | but a little more powerful. [potion of mutation]
 10076 | D:8      | Paralysed by a hornet for 2 turns
 10089 | D:8      | Reached skill level 5 in Dodging
 10465 | D:8      | You fall into a shaft and drop 2 floors!
 10465 | D:10     | Entered Level 10 of the Dungeon
 10647 | D:10     | Noticed a skeletal warrior
 10650 | D:10     | Noticed a death knight
 10652 | D:10     | Noticed a skeletal warrior
 10835 | D:10     | Noticed a freezing wraith
 10845 | D:10     | Found a runed translucent gate.
 10845 | D:10     | Found a runed translucent gate.
 10845 | D:10     | Found a runed translucent gate.
 10845 | D:10     | Noticed a stone giant
 10845 | D:10     | Noticed CryoSword's ghost (novice DsIE)
 10851 | D:10     | Noticed a two-headed ogre
 10852 | D:10     | Noticed a centaur warrior
 10852 | D:10     | Reached ** piety under the Shining One
 11204 | D:10     | Found a bloodstained altar of Trog.
 11762 | D:9      | Found a flagged portal.
 11772 | Bailey   | Entered a bailey
 12639 | Bailey   | Reached XP level 11. HP: 50/83 MP: 15/15
 14069 | D:9      | Noticed Erica
 14075 | D:9      | Killed Erica
 14582 | D:10     | Killed a skeletal warrior
 14601 | D:10     | HP: 1/84 [death knight/+2 glaive (25)]
 14607 | D:10     | Killed a skeletal warrior
 14868 | D:10     | Demolished by a death knight

Illustrated notes

Levels and vault maps discovered:
D:1:      dpeg_arrival_more_subterranean_lakeside_camping, layout_basic,
          shapermc_ecumenical_altar_acropolis, serial_shops,
          nicolae_shop_crystal
D:2:      layout_basic
D:3:      layout_loops_ring, lemuel_coloured_pillars_altar, uniq_ijyb
D:4:      layout_basic, grunt_temple_overflow_open,
          minmay_temple_entry_junction, serial_shops, nicolae_stop_n_shop_1,
          enter_ossuary_5
D:5:      layout_layer_cave, grunt_dithmenos_shadows, uniq_pikel
D:6:      layout_loops_corners, minmay_misc_feat_secret_circle, uniq_grinder,
          uniq_prince_ribbit1
D:7:      layout_cave_pools, nicolae_gozag_zags_fifth_avenue,
          gammafunk_ghost_smash, minmay_misc_feat_roman
D:8:      layout_loops_ring
D:9:      layout_basic, enter_bailey_2, serial_glass, glass_columns_b,
          glass_columns_b, glass_columns_a, glass_columns_a, glass_columns_b,
          glass_columns_a, glass_columns_a, glass_columns_a, glass_columns_a,
          glass_columns_a, glass_columns_a, glass_columns_a, glass_columns_a,
          glass_columns_a, due_unseen_surprise, item_on_display_a,
          feat_on_display, uniq_erica
D:10:     layout_long_grid, general_overflow_altar, lemuel_crystal_altar,
          gammafunk_ghost_split, minivault_22
Temple:   regret_index_temple_waves

Skill      XL: |  1  2  3  4  5  6  7  8  9 10 11 |
---------------+----------------------------------+-----
Invocations    | 1 2 3 4 5 6 7 |  7.0
Evocations     | 1 2 3 4 5 6 |  6.4
Dodging        | 1 2 3 4 5 6 |  6.3
Maces & Flails | 3 4 5 6 7 |  7.0
Fighting       | 4 5 6 7 |  7.3
Armour         | 4 5 6 7 |  7.3
Shields        | 4 5 6 7 |  7.2

Action                   |  1- 3 |  4- 6 |  7- 9 | 10-12 || total
-------------------------+-------+-------+-------+-------++-------
Melee: Flail             |    42 |       |       |       ||    42
       Whip              |    37 |   206 |   269 |   333 ||   845
Throw: Throwing net      |       |     1 |       |     1 ||     2
Invok: Divine Shield     |       |       |     1 |     3 ||     4
Evoke: Wand              |       |       |    11 |    76 ||    87
       Phial of floods   |       |       |       |     1 ||     1
  Use: Scroll            |       |    11 |     5 |     8 ||    24
       Potion            |       |     4 |       |     7 ||    11
Armor: Scale mail        |    54 |    10 |       |       ||    64
       Ring mail         |       |    46 |       |       ||    46
       Crystal plate arm |       |    23 |   190 |   341 ||   554
Dodge: Dodged            |    32 |    81 |    34 |    89 ||   236
Block: Buckler           |    17 |    34 |    83 |   159 ||   293
